Map: Odyssey LE

Players

LiquidMaNa (MaNa)

  • Race: Protoss Protoss
  • League: Master
  • Spawn Location: 5:00

ByuN - Winner!

  • Race: Terran Terran
  • Spawn Location: 11:00

Event: HomeStory Cup XV

VOD

Have the link to the VOD?

Description

Time

  • Played on: July 22, 2017, 6:57 a.m.
  • Length: 16:09

All games in this series

Show
View Real Time Build Order
Export as new Build Order

LiquidMaNa Protoss 

Build Orders: Oracle Opening 

Get SALT Encoding   

  12  0:00  Probe (Chrono Boost)  
  13  0:11  Probe (Chrono Boost)  
  14  0:17  Pylon  
  14  0:21  Probe (Chrono Boost)  
  15  0:35  Probe (Chrono Boost)  
  16  0:36  Gateway  
  16  0:45  Probe (Chrono Boost)  
  16  0:49  Assimilator  
  17  0:56  Probe (Chrono Boost)  
  18  0:57  Assimilator  
  18  1:06  Probe (Chrono Boost)  
  19  1:17  Probe (Chrono Boost)  
  20  1:23  Cybernetics Core  
  20  1:27  Probe (Chrono Boost)  
  20  1:31  Pylon  
  21  1:38  Probe (Chrono Boost)  
  22  1:49  Probe (Chrono Boost)  
  22  1:53  Nexus  
  23  2:04  Stargate  
  23  2:09  Adept (Chrono Boost)  
  23  2:11  Probe  
  26  2:19  Pylon  
  26  2:23  Probe (Chrono Boost)  
  26  2:25  Warp Gate  
  27  2:35  Probe (Chrono Boost), Adept  
  29  2:45  Probe (Chrono Boost)  
  29  2:51  Oracle (Chrono Boost)  
  30  2:56  Probe  
  34  3:03  Adept  
  34  3:05  Probe  
  36  3:08  Probe  
  38  3:15  Probe  
  39  3:21  Mothership Core  
  39  3:26  Probe  
  42  3:36  Probe  
  43  3:42  Probe  
  43  3:43  Nexus  
  43  3:47  Probe  
  44  3:55  Probe  
  46  3:57  Probe  
  46  3:58  Gateway x2  
  49  4:03  Phoenix (Chrono Boost)  
  49  4:10  Probe x2, Pylon  
  51  4:20  Probe  
  51  4:22  Probe, Pylon  
  53  4:28  Phoenix (Chrono Boost)  
  53  4:31  Probe  
  55  4:34  Forge, Probe  
  57  4:39  Twilight Council  
  57  4:41  Probe  
  58  4:46  Probe  
  58  4:49  Sentry  
  58  4:50  Phoenix (Chrono Boost)  
  58  4:51  Assimilator  
  63  4:54  Probe x2, Assimilator  
  63  4:55  Protoss Ground Armor Level 1 (Chrono Boost)  
  65  5:02  Probe  
  65  5:04  Probe x2  
  68  5:10  Charge (Chrono Boost)  
  69  5:14  Probe  
  69  5:15  Probe  
  69  5:16  Probe  
  69  5:20  Pylon  
  71  5:26  Probe  
  71  5:28  Probe x2  
  74  5:38  Probe, Robotics Facility  
  74  5:39  Gateway  
  74  5:40  Gateway, Phoenix (Chrono Boost)  
  77  5:44  Gateway  
  77  5:48  Gateway  
  77  5:52  Gateway  
  77  5:55  Zealot  
  79  5:58  Zealot  
  79  5:59  Zealot  
  83  6:06  Phoenix (Chrono Boost)  
  85  6:14  Pylon  
  85  6:16  Pylon  
  85  6:20  Zealot x3  
  85  6:25  Pylon  
  91  6:30  Observer  
  92  6:33  Pylon  
  92  6:35  Zealot x2  
  96  6:43  Zealot x3  
  96  6:46  Phoenix (Chrono Boost)  
  104  6:52  Probe x2, Protoss Ground Weapons Level 1  
  104  6:53  Immortal (Chrono Boost)  
  110  6:55  Zealot x3  
  110  6:57  Probe  
  117  7:05  Phoenix (Chrono Boost)  
  119  7:09  Photon Cannon  
  119  7:16  Zealot x3  
  99  7:39  Zealot x8  
  99  7:40  Phoenix  
  97  7:54  Immortal (Chrono Boost)  
  101  8:03  Sentry  
  101  8:04  Zealot x6, Sentry  
  116  8:07  Templar Archives  
  116  8:09  Assimilator  
  116  8:10  Assimilator  
  116  8:13  Probe x2  
  116  8:16  Pylon  
  118  8:24  Zealot x3  
  118  8:25  Zealot  
  125  8:30  Phoenix  
  119  8:53  Zealot x8  
  113  8:58  Phoenix  
  103  9:10  Immortal (Chrono Boost)  
  103  9:13  Nexus, High Templar x3  
  103  9:14  High Templar  
  103  9:15  Zealot, Sentry  
  115  9:17  Archon x2  
  115  9:22  Pylon  
  115  9:27  High Templar x2  
  118  9:32  Archon  
  106  9:50  Protoss Ground Armor Level 2  
  100  9:57  Zealot x5  
  100  9:58  Zealot, Phoenix  
  106  10:06  High Templar x2  
  112  10:10  Nexus  
  112  10:11  Forge  
  112  10:12  Immortal (Chrono Boost)  
  116  10:16  Pylon  
  116  10:17  Pylon  
  116  10:18  Probe x3, Archon  
  116  10:19  Pylon  
  116  10:20  Pylon  
  119  10:23  Pylon  
  119  10:27  Zealot x2  
  119  10:28  Zealot x2  
  127  10:35  Robotics Bay  
  127  10:42  High Templar x2  
  131  10:45  Zealot x2  
  131  10:47  Archon  
  134  10:50  Observer (Chrono Boost)  
  134  10:51  Zealot x3  
  134  10:53  Zealot  
  110  11:29  Zealot x4  
  110  11:30  Zealot x4  
  110  11:32  Colossus (Chrono Boost)  
  128  11:40  Protoss Ground Weapons Level 2 (Chrono Boost)  
  128  11:42  Probe x3  
  131  11:47  Extended Thermal Lance  
  131  11:50  High Templar  
  131  11:51  Zealot x3, High Templar  
  141  11:55  Archon  
  141  11:58  Zealot, High Templar x2  
  141  12:01  Protoss Ground Armor Level 3 (Chrono Boost)  
  147  12:02  Archon  
  147  12:14  Zealot x3  
  151  12:16  Photon Cannon  
  149  12:24  Zealot x3  
  153  12:32  Colossus  
  159  12:39  Zealot x3  
  159  12:40  Zealot x2  
  113  13:00  Probe x2  
  113  13:03  Zealot, Sentry, High Templar x2  
  113  13:04  Zealot x3  
  105  13:08  Phoenix  
  105  13:10  Archon  
  107  13:18  Probe x2  
  109  13:20  Assimilator  
  109  13:26  Colossus (Chrono Boost), High Templar x2  
  119  13:30  Nexus, Archon  
  119  13:32  Pylon  
  119  13:33  Phoenix  
  121  13:44  Zealot x6  
  133  13:50  Photon Cannon  
  133  13:56  Phoenix  
  133  13:58  Blink  
  135  14:08  Pylon  
  135  14:11  Zealot x2  
  135  14:12  Zealot x5  
  135  14:13  Zealot  
  151  14:19  Warp Prism (Chrono Boost)  
  151  14:40  Zealot x2, High Templar x2  
  151  14:41  Zealot x3  
  151  14:45  Archon  
  154  15:00  Warp Prism (Chrono Boost)  
  154  15:02  Zealot x4, High Templar x2  
  168  15:08  Nexus, Archon  
  168  15:21  High Templar x2  
  166  15:40  Zealot x6  
  182  15:49  Pylon  
  182  15:51  Pylon  
Show
View Real Time Build Order
Export as new Build Order

ByuN Terran - Winner!

Build Orders: Reaper Expand, MMM Bio 

Get SALT Encoding   

  12  0:00  SCV  
  13  0:12  SCV  
  14  0:16  Supply Depot  
  14  0:25  SCV  
  14  0:27  Refinery  
  15  0:38  SCV  
  16  0:44  Barracks  
  16  0:50  SCV  
  17  1:02  SCV  
  18  1:14  SCV  
  19  1:30  Orbital Command, Reaper  
  20  1:42  Command Center  
  20  1:53  Factory  
  20  1:56  SCV  
  21  2:01  Refinery  
  21  2:04  Barracks Reactor  
  21  2:09  SCV  
  21  2:14  Supply Depot  
  22  2:21  SCV  
  23  2:35  SCV  
  24  2:39  Starport  
  24  2:40  Widow Mine  
  24  2:41  Marine x2  
  28  2:47  SCV  
  29  2:55  Orbital Command  
  29  2:59  SCV  
  29  3:01  Marine x2  
  32  3:09  Widow Mine  
  32  3:11  SCV  
  35  3:15  Viking  
  37  3:21  Marine x2  
  37  3:24  SCV x2  
  41  3:30  Supply Depot  
  41  3:36  SCV x2  
  43  3:48  SCV x2  
  43  3:49  Marine  
  43  3:50  Marine  
  43  3:51  Barracks  
  45  3:55  Barracks  
  45  4:00  Factory Tech Lab  
  45  4:01  SCV x2, Starport Tech Lab  
  47  4:07  Bunker  
  47  4:10  Marine, Supply Depot  
  47  4:11  Marine  
  47  4:16  SCV x2  
  51  4:28  SCV x2, Supply Depot  
  51  4:31  Marine x2  
  53  4:37  Engineering Bay  
  55  4:40  SCV x2  
  55  4:44  Starport Reactor, Factory Reactor  
  57  4:47  Stimpack, Refinery  
  57  4:49  Marauder  
  57  4:51  Marauder, Marine  
  57  4:52  Marine  
  63  4:58  Supply Depot  
  63  4:59  SCV x2  
  65  5:03  Combat Shields  
  65  5:06  Terran Infantry Weapons Level 1  
  65  5:11  Marine x2  
  69  5:17  Marauder, Supply Depot  
  69  5:20  Marauder  
  71  5:21  SCV  
  71  5:22  SCV  
  71  5:27  Medivac x2, Supply Depot  
  77  5:38  Widow Mine x2  
  77  5:42  Marauder x2, Supply Depot  
  85  5:44  Marine  
  85  5:48  Marine, SCV x2  
  89  5:51  Supply Depot  
  89  5:57  Medivac  
  91  6:01  Medivac  
  93  6:07  Marine x2  
  93  6:09  Marauder  
  99  6:11  Marauder  
  99  6:15  Command Center  
  99  6:21  Concussive Shells  
  99  6:25  SCV x2  
  101  6:29  Supply Depot  
  101  6:30  Barracks x2, Refinery  
  101  6:36  Marine x2  
  101  6:38  Marauder x2  
  107  6:46  SCV x2  
  109  6:50  Widow Mine x2  
  113  6:58  SCV x2  
  113  6:59  Liberator  
  113  7:00  Terran Infantry Armor Level 1  
  115  7:03  Marauder, Marine  
  115  7:05  Marauder  
  118  7:09  Liberator, Marine  
  118  7:10  Supply Depot x2  
  118  7:13  SCV x2  
  124  7:25  SCV  
  121  7:34  Marauder x2  
  111  7:37  Marine  
  111  7:38  Marine  
  111  7:41  Widow Mine x2  
  117  7:49  Barracks Reactor, Barracks Tech Lab  
  117  7:52  SCV x2, Orbital Command  
  117  7:56  Marauder x2  
  117  7:57  Marine x2  
  122  8:05  SCV x2  
  122  8:09  Medivac x2  
  122  8:10  Marauder, Widow Mine x2  
  133  8:13  Engineering Bay, Armory  
  133  8:18  SCV  
  133  8:19  SCV x2  
  136  8:22  Marauder x2  
  136  8:25  Marine x2  
  142  8:27  Marine x2  
  142  8:31  SCV x3  
  142  8:32  Marauder  
  149  8:36  Supply Depot  
  149  8:37  Supply Depot  
  149  8:48  Marauder x2  
  142  8:49  Marine x2  
  142  8:50  Marine, Widow Mine x2  
  142  8:53  Marauder  
  134  8:57  Marine  
  134  8:58  Medivac x2  
  136  9:05  Barracks  
  136  9:07  Barracks  
  134  9:10  Barracks  
  134  9:11  Barracks  
  134  9:13  Terran Infantry Weapons Level 2  
  134  9:18  Marine x4, Widow Mine x2  
  134  9:20  Marauder x3  
  148  9:25  Terran Infantry Armor Level 2  
  148  9:33  Supply Depot  
  143  9:41  Marauder x2  
  118  9:46  Marauder, Marine x2  
  118  9:47  Marine x2  
  112  9:54  Widow Mine x2  
  112  9:56  Medivac  
  105  10:01  Barracks Tech Lab  
  105  10:02  Marauder  
  105  10:03  Marauder  
  105  10:04  Barracks Reactor, Marine  
  105  10:05  Barracks Tech Lab, Command Center  
  105  10:06  Marine x2  
  105  10:07  Marauder, Marine  
  112  10:22  Marine  
  112  10:24  Marauder x2, Marine x3  
  122  10:28  Marauder  
  122  10:29  Marauder x2  
  122  10:32  Widow Mine  
  122  10:34  Widow Mine  
  130  10:39  Marine  
  130  10:41  Marine x2  
  130  10:42  Marine x3  
  135  10:45  Marauder x2  
  135  10:48  Missile Turret  
  142  10:50  Marauder x3  
  146  10:57  Marine  
  146  10:59  Marine x3  
  146  11:01  Marine  
  146  11:04  Marine  
  152  11:07  Marauder x2  
  152  11:10  Widow Mine  
  162  11:11  Marauder x2, Marine  
  146  11:24  Marine x2  
  146  11:25  Marine x2  
  134  11:27  Widow Mine  
  134  11:28  Marauder x2  
  134  11:29  Marauder  
  134  11:31  Medivac  
  136  11:33  Marauder x2, Marine x2  
  136  11:36  Planetary Fortress  
  136  11:39  Widow Mine  
  139  11:40  Medivac  
  141  11:47  Marine x2  
  141  11:48  Marine x2  
  141  11:49  Marauder x2  
  141  11:53  Marine  
  141  11:54  Marine x4  
  150  11:57  SCV x2  
  150  11:58  SCV  
  150  11:59  Refinery  
  157  12:03  Refinery  
  157  12:05  Marine x2  
  157  12:06  Marine  
  160  12:09  Marine  
  160  12:11  Marauder x2, Marine x2  
  160  12:12  Marauder x3  
  173  12:23  Marine x3  
  173  12:26  Marine, Supply Depot  
  173  12:29  Marine x2  
  179  12:32  Marauder x2  
  179  12:33  Marauder x2  
  179  12:34  Marauder  
  188  12:41  Marine x2  
  159  12:52  Marine x2  
  159  12:53  Marauder, Marine  
  159  12:54  Marauder  
  159  12:55  Marauder x3  
  159  12:57  Marine  
  125  12:59  Marine x2  
  103  13:10  Marine x2  
  100  13:13  Orbital Command  
  100  13:15  Marauder x2, Medivac x2  
  100  13:16  Marauder x3  
  114  13:21  Starport  
  114  13:25  Marine x3  
  114  13:26  Marine  
  118  13:28  Marine x2  
  120  13:36  Marauder x2, Ghost Academy  
  120  13:38  Marauder x3  
  130  13:43  Marine x3  
  130  13:44  Marine  
  130  13:46  Marine  
  130  13:47  Medivac x2  
  139  13:54  Missile Turret  
  139  13:58  Marauder x2  
  139  13:59  Marauder x3, Marine  
  139  14:01  Marine x3  
  153  14:03  Viking x2  
  153  14:06  Terran Ship Weapons Level 1  
  153  14:08  Marine x2  
  159  14:19  Marauder x2  
  159  14:20  Marauder  
  165  14:26  Ghost x2  
  165  14:28  Marine x2  
  165  14:29  Marine x3  
  165  14:30  Marine  
  172  14:40  Marine  
  172  14:41  Marauder  
  172  14:42  Marauder  
  164  14:54  Ghost x2  
  164  14:56  Marine  
  164  14:57  Marine x4, Ghost  
  175  15:00  Marine  
  175  15:01  Marine, Refinery x2  
  175  15:03  Marine  
  178  15:09  Viking x2  
  182  15:14  Marine x3, Viking  
  187  15:21  Viking  
  187  15:22  Marine  
  187  15:23  Marine x6  
  195  15:32  Command Center  
  195  15:33  Command Center  
  187  15:39  Marine x3  
Tags
 
Add a new tag
Caveats
  • Supply blocks, unpowered buildings, or Contaminate may cause inaccurate times.
  • Supply counts are checked every 10 seconds.